 Dungeon Crawl Stone Soup version 0.28.0 (webtiles) character file.

Game seed: 16919916279658473919

172 hawla the Conjurer (level 5, -1/60 HPs)
             Began as a Draconian Conjurer on Feb 9, 2022.
             Slain by Pikel (2 damage)
             ... on level 3 of the Dungeon.
             The game lasted 00:11:12 (4283 turns).

hawla the Conjurer (Draconian Conjurer)             Turns: 4283, Time: 00:11:12

Health: -1/60      AC: 22    Str:  9    XL:     5   Next: 27%
Magic:  1/9        EV:  2    Int: 20    God:
Gold:   163        SH:  0    Dex: 10    Spells: 3/10 levels left

rFire   . . .      SeeInvis .   (no weapon)
rCold   . . .      Faith    .   (no shield)
rNeg    + . .      Spirit   .   (armour unavailable)
rPois   +          Reflect  .   (helmet currently unavailable)
rElec   .          Harm     .   (cloak currently unavailable)
rCorr   .          Rampage  .   (gloves currently unavailable)
Will    .....      NoTele   +   (boots currently unavailable)
Stlth   ++........              (no amulet)
HPRegen 0.20/turn               f - ring of positive energy
MPRegen 0.11/turn               (no ring)

@: tree-form
A: stationary, stasis, torment immunity, boosted hp, AC +5, unfitting armour,
(cold-blooded)
a: no special abilities


You were on level 3 of the Dungeon.
You were a tree.
You visited 1 branch of the dungeon, and saw 4 of its levels.

You collected 163 gold pieces.

Inventory:

Missiles
 k - 7 poisoned darts
 m - 5 boomerangs
Jewellery
 f - a ring of positive energy (left branch)
Wands
 j - a wand of flame (26)
Scrolls
 e - 3 scrolls of identify
Potions
 b - a potion of heal wounds
 c - 2 potions of cancellation {unknown}
 d - a potion of resistance {unknown}
 g - a potion of haste {unknown}
 h - 3 potions of curing {unknown}
 i - 2 potions of mutation {unknown}
 n - 2 potions of brilliance {unknown}


   Skills:
 - Level 1.0 Fighting
 - Level 1.7 Dodging
 - Level 1.7 Stealth
 + Level 3.1 Spellcasting
 + Level 4.9 Conjurations
 - Level 1.0 Necromancy
 + Level 2.5 Translocations


You had 3 spell levels left.
You knew the following spells:

 Your Spells              Type           Power      Damage    Failure   Level
a - Magic Dart            Conj           88%        1d7       1%          1
b - Searing Ray           Conj           44%        2d6       2%          2
c - Iskenderun's Mystic   Conj/Tloc      18%        2d6       30%         4

Your spell library contained the following spells:

 Spells                   Type           Power      Damage    Failure   Level
 Static Discharge         Conj/Air       13%        N/A       8%          2
 Dazzling Flash           Conj/Hex       26%        N/A       16%         3
 Vampiric Draining        Necr           7%         2d6       28%         3
 Fulminant Prism          Conj/Hex       6%         3d7       45%         4
 Sticky Flame             Conj/Fire      13%        2d4       45%         4
 Dispel Undead            Necr           7%         3d8       67%         4
 Borgnjor's Vile Clutch   Necr/Erth      2%         N/A       97%         5
 Necromutation            Tmut/Necr      2%         N/A       100%        8


Dungeon Overview and Level Annotations

Branches:
Dungeon (4/15)
 Temple: D:4-7

Altars:
Wu Jian

Shops:
D:1 (

Annotations:
D:3 Pikel


Innate Abilities, Weirdness & Mutations

You are a tree.
Your roots penetrate the ground, keeping you stationary.
You cannot be teleported.
You are immune to unholy pain and torment.
Your maximum health is greatly increased.
Your equipment is partially melded.
((Your plain brown scales are hard. (AC +5)))
You cannot fit into any form of body armour.
((You are cold-blooded and may be slowed by cold attacks.))


Message History

You climb upwards.
There is a stone staircase leading down here.
Okay, then.
Really quaff the potion of lignification?
You turn into a tree.
Your roots penetrate the ground.
The gnoll barely misses you. Pikel hits you but does no damage.
It was a potion of heal wounds.
You feel much better. The gnoll hits you but does no damage.
Pikel hits you but does no damage.
Casting: Iskenderun's Mystic Blast (quite dangerous; 30% risk of failure)
Confirm with . or Enter, or press ? or * to list all spells.
The spell is quite dangerous to miscast (30% risk of failure)!
Continue anyway?
Okay, then.
Casting: Iskenderun's Mystic Blast (quite dangerous; 30% risk of failure)
Confirm with . or Enter, or press ? or * to list all spells.
Aiming: Searing Ray (safe; 2% risk of failure)
Press: ? - help, Shift-Dir - straight line, f - Pikel
Aim: Pikel, wielding a +0 whip of electrocution and wearing a +0 robe (lightly wounded, 72% to hit)
The searing ray misses Pikel. (Press . to maintain the ray.)
The gnoll hits you but does no damage.
Pikel hits you with a +0 whip of electrocution.
The searing ray hits Pikel!
Pikel is moderately wounded.
The gnoll hits you but does no damage. Pikel hits you but does no damage.
The searing ray hits Pikel.
Pikel is heavily wounded.
The gnoll hits you but does no damage. Pikel hits you but does no damage.
You are electrocuted!
You are too injured to fight recklessly!
You completely miss Pikel.
Pikel is heavily wounded.
The gnoll hits you with a +0 whip. Pikel hits you but does no damage.
You are electrocuted!
* * * LOW HITPOINT WARNING * * *
You hit Pikel.
Pikel is heavily wounded.
The gnoll hits you with a +0 whip.
* * * LOW HITPOINT WARNING * * *
Pikel hits you with a +0 whip of electrocution.
You die...

#.##.###..#.###..#.##.#
#.##..........#..#.##.#
#.#######.#.#.#..#.##.#
#.#######.#.#.#..#.##.#
#......##.#.#.#.....#.#
######.##..[#.#..#..#.#
#.##...#.#..).<#.#
#.##.Kg#.#..####.#
###########.##.#♣#.#.......#
............##.###...############
##############.# ###.............
#.# #.............
#.##################
#...........# ###########.# #.#
#.#


You could see Pikel and a gnoll.

Vanquished Creatures
  Jessica (D:3)
  An orc wizard (D:3)
  3 gnolls (D:4)
  2 adders (D:3)
  A worm (D:2)
  8 orcs
  8 ball pythons
  2 bats
  3 endoplasms
  6 giant cockroaches
  2 goblins
  8 hobgoblins
  3 jackals (D:2)
  3 quokkas
  A frilled lizard (D:2)
  6 kobolds
  6 rats
64 creatures vanquished.

Notes
Turn   | Place    | Note
-------+----------+-------------------------------------------
     0 | D:1      | hawla the Draconian Conjurer began the quest for the Orb.
     0 | D:1      | Reached XP level 1. HP: 14/14 MP: 3/3
   233 | D:1      | Found Hosor's Antique Weapon Boutique.
   493 | D:1      | Reached XP level 2. HP: 22/22 MP: 1/5
   496 | D:1      | Learned a level 2 spell: Searing Ray
  1165 | D:1      | Reached skill level 1 in Fighting
  1361 | D:2      | Reached skill level 1 in Translocations
  1498 | D:2      | Found an ornate altar of the Wu Jian Council.
  1737 | D:2      | Reached XP level 3. HP: 21/28 MP: 6/6
  2526 | D:3      | Noticed Jessica
  2572 | D:3      | Killed Jessica
  2663 | D:3      | Reached XP level 4. HP: 20/35 MP: 2/8
  2668 | D:3      | Learned a level 4 spell: Iskenderun's Mystic Blast
  2880 | D:3      | Got the Volume of Darkness
  3454 | D:3      | Found a faded altar of an unknown god.
  3895 | D:4      | Reached skill level 1 in Necromancy
  3895 | D:4      | Reached XP level 5. HP: 38/40 MP: 0/9
  4235 | D:4      | Noticed a lemure
  4236 | D:4      | Noticed a lemure
  4236 | D:4      | Noticed a lemure
  4236 | D:4      | Noticed Pikel
  4237 | D:4      | Noticed a lemure
  4283 | D:3      | HP: 1/60 [gnoll (4)]
  4283 | D:3      | Slain by Pikel

Illustrated notes

Levels and vault maps discovered:
D:1:      onia_arrival_handbag, layout_basic, serial_shops, nicolae_diamond_shop
D:2:      layout_basic, basic_altar
D:3:      layout_basic, hellmonk_ecumenical_altar_run_dry, uniq_jessica
D:4:      layout_basic, nicolae_gozag_zags_fifth_avenue,
          minmay_temple_entry_gardened_gates, uniq_pikel

Skill      XL: |  1  2  3  4 |
---------------+-------------+-----
Fighting       | 1 |  1.0
Translocations | 1 2 |  2.5
Spellcasting   | 3 |  3.1
Necromancy     | 1 |  1.0
Dodging        | |  1.7
Stealth        | |  1.7
Conjurations   | |  4.9

Action                   |  1- 3 |  4- 6 || total
-------------------------+-------+-------++-------
Melee: Unarmed           |    82 |    42 ||   124
       Tailslap          |    12 |     2 ||    14
       Punch             |     2 |       ||     2
 Cast: Magic Dart        |    19 |     9 ||    28
       Searing Ray       |    23 |    17 ||    40
       Iskenderun's Myst |       |     3 ||     3
  Use: Scroll            |     1 |     2 ||     3
       Potion            |       |     3 ||     3
 Stab: Sleeping          |       |     1 ||     1
Armor: Skin              |    44 |    34 ||    78
Dodge: Dodged            |    71 |    34 ||   105
